[Event "*** Titled Tuesday Blitz"]
[Site "Chess.com"]
[Date "2018.12.04"]
[Round "10"]
[White "NeverEverForever1990"]
[Black "Fins0905"]
[Result "0-1"]
[WhiteElo "2457"]
[BlackElo "2645"]
[TimeControl "180+2"]
[EndTime "15:21:46 PST"]
[Termination "Fins0905 won by checkmate"]

1. d4 d5 2. c4 c6 3. cxd5 cxd5 4. Bf4 Nf6 5. Nc3 Nc6 6. e3 Bf5 7. Qb3 Na5 8. Qa4+ Bd7 9. Qc2 e6 10. Bd3 Rc8 11. Nf3 Nh5 12. Bg5 f6 13. Bh4 g5 14. Bg3 f5 15. Be5 Bg7 16. Bxg7 Nxg7 17. Ne5 Nc6 18. Nxc6 Rxc6 19. Qe2 O-O 20. f4 gxf4 21.
exf4 Qb6 22. Qf2 Nh5 23. O-O Nf6 24. Rae1 Ng4 25. Qg3 Qxd4+ 26. Kh1 Qg7 27. Re2 a6 28. Rfe1 Kh8 29. Nxd5 exd5 30. Re7 Qxb2 31. Rxd7 Rc1 32. Bxf5 Nf2+ 33. Qxf2 Qxf2 34. Rxc1 Qxf4 35. Rcc7 Qf1# 0-1

[Event "*** Titled Tuesday Blitz"]
[Site "Chess.com"]
[Date "2018.12.04"]
[Round "10"]
[White "HanSchut"]
[Black "Chessialist"]
[Result "0-1"]
[WhiteElo "2299"]
[BlackElo "2474"]
[TimeControl "180+2"]
[EndTime "15:21:47 PST"]
[Termination "Chessialist won on time"]

1. e4 c5 2. Nf3 e6 3. c4 Nc6 4. Nc3 Nge7 5. d4 cxd4 6. Nxd4 Nxd4 7.
Qxd4 Nc6 8. Qd3 Bc5 9. Qg3 O-O 10.
Bd3 Qf6 11. O-O h6 12. e5 Qxe5 13. Bf4 Qh5 14. Ne4 Be7 15. Bd6 Bxd6 16. Qxd6 Qe5 17. Rad1 f5 18. Qxe5 Nxe5 19. Nd6 b6 20. b3 Ba6 21.
Be2 Rad8 22. f4 Nf7 23. Nxf7 Kxf7 24. Rd6 Ke7 25. Rfd1 Bb7 26. Kf2 Bd5 27. R6xd5 exd5 28. Rxd5 d6 29. Bd3 g6 30. g3 h5 31. Be2 Ke6 32.
Bf3 Rc8 33. Rd2 Rfe8 34. Bd5+ Kf6 35. Bf3 Rcd8 36. Bc6 Re7 37. Bd5 a5 38. a4 Kg7 39.
Bf3 Kf8 40. Bc6 Rc7 41. Bd5 Re7 42. Bc6 Rh7 43. Rd3 h4 44. Bf3 hxg3+ 0-1

[Event "*** Titled Tuesday Blitz"]
[Site "Chess.com"]
[Date "2018.12.04"]
[Round "10"]
[White "MerdeNoms943"]
[Black "pedroholly22"]
[Result "0-1"]
[WhiteElo "2320"]
[BlackElo "2253"]
[TimeControl "180+2"]
[EndTime "15:21:48 PST"]
[Termination "pedroholly22 won on time"]

1. e4 c5 2. Nf3 d6 3. d4 cxd4 4. Nxd4 Nf6 5. Nc3 g6 6. Be3 Bg7 7. f3 O-O 8. Qd2 Nc6 9. Bc4 Bd7 10. O-O-O Rc8 11. Bb3 Nxd4 12. Bxd4 b5 13. Nd5 Nxd5 14. Bxg7 Kxg7 15. exd5 a5 16. a3 Qb6 17. Rhe1 Rfe8 18.
g4 b4 19. a4 Rc7 20. h4 f6 21. Kb1 h6 22. h5 g5 23. Qd3 f5 24. f4 Qf2 25.
fxg5 hxg5 26. Rf1 Qh2 27. gxf5 Kf6 28. Rde1 Qxh5 29. Rh1 Qg4 30. Rh6+ Kg7 31. Rg6+ Kf7 32. Rh1 Bxf5 33. Qd2 Bxg6 34. Rf1+ Kg7 35. Qf2 Qf4 36. Qg2 Qe5 0-1

[Event "*** Titled Tuesday Blitz"]
[Site "Chess.com"]
[Date "2018.12.04"]
[Round "10"]
[White "Zarikovs1999"]
[Black "Godzillator"]
[Result "0-1"]
[WhiteElo "2343"]
[BlackElo "2374"]
[TimeControl "180+2"]
[EndTime "15:21:57 PST"]
[Termination "Godzillator won by resignation"]

1. Nf3 d5 2. g3 Nf6 3. Bg2 c6 4. O-O Bg4 5. c4 e6 6. b3 Nbd7 7. Bb2 Be7 8. Qc2 O-O 9. d3 a5 10. Nbd2 a4 11. bxa4 Nb6 12. e4 Nxa4 13. e5 Nxb2 14.
Qxb2 Nd7 15. Qxb7 Nc5 16. Qxc6 Nxd3 17. cxd5 Nb4 18. Qc4 Bxf3 19. Bxf3 exd5 20. Qb3 Rb8 21. a3 Nc6 22. Qxd5 Qxd5 23. Bxd5 Nxe5 24. a4 Rfd8 25. Bxf7+ Kxf7 26. Ne4 Rb4 27. Nc3 Bf6 28. Rac1 Nf3+ 29. Kg2 Nd2 30. Rfd1 Nb3 31. Rxd8 Bxd8 32. Rd1 Bf6 33.
Rd7+ Ke6 34. Rc7 Nd4 35. Ne4 Be5 36. Ra7 Kd5 37. Ng5 h6 38. Nf7 Bf6 39. Nd8 Rb8 40. Nb7 Nc6 41. Na5 Nxa7 0-1

[Event "*** Titled Tuesday Blitz"]
[Site "Chess.com"]
[Date "2018.12.04"]
[Round "10"]
[White "Durarbayli"]
[Black "champ2005"]
[Result "1-0"]
[WhiteElo "2718"]
[BlackElo "2679"]
[TimeControl "180+2"]
[EndTime "15:22:05 PST"]
[Termination "Durarbayli won by resignation"]

1. e4 c6 2. d4 d5 3. e5 Bf5 4.
Nf3 e6 5. Be2 Ne7 6. O-O Ng6 7.
a4 Nd7 8. a5 a6 9. Bg5 Be7 10.
Bxe7 Qxe7 11. c3 O-O 12. b4 f6 13. exf6 Nxf6 14. Nbd2 e5 15. dxe5 Nxe5 16. Nd4 Bd3 17. Re1 Qd6 18. f4 Bxe2 19. fxe5 Bxd1 20. exd6 Bg4 21. h3 Bh5 22. Re7 Rf7 23. Rae1 Rd8 24. Rxf7 Bxf7 25. Re7 Rd7 26. Rxd7 Nxd7 27. N2b3 Kf8 28.
Nc5 Nxc5 29. bxc5 Ke8 30. Kf2 Kd7 31. Ke3 g5 32. Nf3 h6 33. h4 gxh4 34. Ne5+ Ke6 35. Nxf7 Kxf7 36. Kf4 Ke6 37. Kg4 Kd7 38. Kxh4 b6 39.
axb6 Kc8 40. Kg4 a5 41. Kf5 a4 42. Ke6 a3 43. d7+ Kb7 44. d8=Q a2 45. Qc7+ 1-0

[Event "*** Titled Tuesday Blitz"]
[Site "Chess.com"]
[Date "2018.12.04"]
[Round "10"]
[White "zeitnot2006"]
[Black "Frolik67"]
[Result "0-1"]
[WhiteElo "2112"]
[BlackElo "2630"]
[TimeControl "180+2"]
[EndTime "15:22:05 PST"]
[Termination "Frolik67 won by checkmate"]

1. d4 Nf6 2. c4 e6 3. g3 d5 4. Nf3 Be7 5. Bg2 O-O 6. O-O b6 7. cxd5 exd5 8. Nc3 Re8 9. Bf4 c6 10. Rc1 a5 11. Ne5 Nfd7 12. e4 Nxe5 13. Bxe5 dxe4 14.
Nxe4 Bb7 15. Qb3 Nd7 16. Rfd1 Nxe5 17. dxe5 Qc7 18. f4 a4 19. Qc3 c5 20. Qf3 Rad8 21. Qg4 c4 22. Nf6+ Bxf6 23. exf6 Qc5+ 24. Kh1 Bxg2+ 25.
Kxg2 g6 26. Rxd8 Rxd8 27. Kh3 h5 28. Qg5 Qc8+ 29. Kh4 Rd5 30. Rxc4 Qxc4 31. Qh6 g5+ 32. Kxh5 Qe2+ 33. g4 Qxh2# 0-1

[Event "*** Titled Tuesday Blitz"]
[Site "Chess.com"]
[Date "2018.12.04"]
[Round "10"]
[White "enriquetejedor"]
[Black "RiskyDecision"]
[Result "1-0"]
[WhiteElo "2533"]
[BlackElo "2425"]
[TimeControl "180+2"]
[EndTime "15:22:09 PST"]
[Termination "enriquetejedor won by resignation"]

1. d4 Nf6 2. Bg5 d5 3. c3 c5 4. dxc5 e6 5. Nd2 Bxc5 6. e3 h6 7. Bh4 Nc6 8. Ngf3 O-O 9. Be2 e5 10. O-O e4 11. Nd4 Nxd4 12. cxd4 Bd6 13. Qb3 g5 14. Bg3 Rb8 15. Rac1 Be6 16. Qa4 a6 17. Nb3 Bxg3 18. hxg3 Nd7 19. Nc5 Nxc5 20. Rxc5 Qb6 21.
Qb3 Qxb3 22. axb3 Rfc8 23. Rfc1 Kf8 24. f3 exf3 25. gxf3 Ke7 26. Kf2 b6 27. Rxc8 Rxc8 28. Rc3 Rxc3 29. bxc3 a5 30. Bb5 Bd7 31. Bxd7 Kxd7 32.
g4 b5 33. Ke2 f5 34. Kd3 fxg4 35. fxg4 Ke6 36. e4 dxe4+ 37. Kxe4 a4 38. bxa4 bxa4 39. Kd3 h5 40. gxh5 g4 41. h6 Kf7 42. d5 g3 43. h7 Kg7 44. h8=Q+ Kxh8 45. d6 g2 46. d7 g1=Q 47. d8=Q+ Kg7 48. Qd7+ Kf6 49. Qxa4 Qb1+ 50. Qc2 Qf1+ 51. Kd4 Qg1+ 52. Kc4 Ke6 53. Qe4+ Kd6 54. Qd4+ Qxd4+ 55. Kxd4 Kc6 56. Kc4 Kc7 57. Kc5 Kc8 58. Kc6 Kd8 59. c4 Kc8 60. c5 Kd8 61. Kb7 1-0

[Event "*** Titled Tuesday Blitz"]
[Site "Chess.com"]
[Date "2018.12.04"]
[Round "10"]
[White "Yurovskykh_Oleksandr"]
[Black "ChainsOfFantasia"]
[Result "0-1"]
[WhiteElo "2474"]
[BlackElo "2414"]
[TimeControl "180+2"]
[EndTime "15:22:15 PST"]
[Termination "ChainsOfFantasia won by resignation"]

1. d4 Nf6 2. Nf3 e6 3. Bg5 d5 4.
e3 c5 5. c3 Nc6 6. Nbd2 h6 7.
Bh4 Be7 8. Bd3 O-O 9. O-O Nh5 10. Bxe7 Qxe7 11. Qe2 c4 12. Bc2 f5 13. Ne5 Qe8 14.
Ba4 Bd7 15. Bxc6 Bxc6 16. f4 Nf6 17. b3 b5 18. a4 cxb3 19. Nxc6 Qxc6 20. Nxb3 bxa4 21.
Nc5 Ne4 22. Nxe4 fxe4 23. Ra3 Rfc8 24. Rfa1 Qc4 25. Qg4 Rc6 26. h3 Qd3 27. Rxa4 Qxe3+ 28. Kh2 Qxc3 29. Rxa7 Rxa7 30. Rxa7 Qxd4 31. Re7 Qf6 32. Re8+ Kh7 33. h4 Qg6 34. Qxg6+ Kxg6 35. Kg3 Kf7 36. Rd8 Rc3+ 37. Kg4 g6 38. h5 gxh5+ 39. Kxh5 Rg3 40. Rd7+ Kf6 0-1

[Event "*** Titled Tuesday Blitz"]
[Site "Chess.com"]
[Date "2018.12.04"]
[Round "10"]
[White "TheMagician"]
[Black "alishersuleymenov"]
[Result "0-1"]
[WhiteElo "2252"]
[BlackElo "2491"]
[TimeControl "180+2"]
[EndTime "15:22:16 PST"]
[Termination "alishersuleymenov won on time"]

1. e4 c5 2. Nf3 Nc6 3. Bb5 d6 4. O-O Bd7 5. c3 Nf6 6. Re1 a6 7. Bf1 Bg4 8. h3 Bh5 9. d3 e6 10. Nbd2 Be7 11. g4 Bg6 12. Bg2 O-O 13. Qe2 Rc8 14. Nf1 b5 15. Ng3 d5 16. e5 Nd7 17. a3 a5 18. d4 b4 19. axb4 axb4 20. Bf4 Qb6 21. Qe3 Na5 22. cxb4 cxb4 23. h4 Bc2 24. Bg5 Bxg5 25. Qxg5 Nb3 26. Nh5 Bg6 27. Rad1 Rc2 28. Qe3 Rxb2 29. Nf4 Bc2 30. Nd3 Ra2 31. Nc1 Nxc1 32. Rxc1 b3 33. Nd2 Rc8 34. h5 h6 35. Nxb3 Ra3 0-1

[Event "*** Titled Tuesday Blitz"]
[Site "Chess.com"]
[Date "2018.12.04"]
[Round "10"]
[White "WPWPWP-2015"]
[Black "toog"]
[Result "1-0"]
[WhiteElo "2293"]
[BlackElo "2218"]
[TimeControl "180+2"]
[EndTime "15:22:18 PST"]
[Termination "WPWPWP-2015 won by resignation"]

1. e4 c5 2. Nf3 d6 3. Bb5+ Bd7 4. a4 Nf6 5. Qe2 g6 6. O-O Bg7 7. c3 O-O 8. e5 dxe5 9. Nxe5 Bf5 10. d3 a6 11. Bc4 Nbd7 12. f4 Rb8 13. a5 Qc7 14.
Nd2 Rbd8 15. Ndf3 Ng4 16. Nxd7 Qxd7 17. h3 Nf6 18. Ne5 Qc7 19. Be3 Nd7 20. Nxf7 Rxf7 21. g4 e6 22. gxf5 exf5 23. d4 cxd4 24. Bxd4 Bxd4+ 25. cxd4 Nf6 26. Bxf7+ Kxf7 27. Rac1 Qd6 28. Qc4+ Kg7 29.
Qc7+ Kh6 30. Qxd6 Rxd6 31. Rc4 Ne4 32. Rd1 Ng3 33. Kf2 Nh5 34. Kf3 Re6 35. d5 Rd6 36. Rb4 Nf6 37. Rxb7 Nxd5 38. Rb3 1-0

[Event "*** Titled Tuesday Blitz"]
[Site "Chess.com"]
[Date "2018.12.04"]
[Round "10"]
[White "PelinGorki"]
[Black "Gabrielian_Artur"]
[Result "0-1"]
[WhiteElo "2528"]
[BlackElo "2728"]
[TimeControl "180+2"]
[EndTime "15:22:21 PST"]
[Termination "Gabrielian_Artur won by resignation"]

1. e4 c5 2. Na3 d6 3. h4 Nc6 4. h5 Nf6 5. d3 e6 6. h6 g6 7. g4 Be7 8. g5 Nd7 9. f4 e5 10. Nf3 exf4 11. Bxf4 Nde5 12. Rg1 Bg4 13. Be2 Bxf3 14. Bxf3 Nd4 15. Be2 O-O 16. c3 Nxe2 17.
Qxe2 f6 18. gxf6 Bxf6 19. O-O-O Qe7 20. Nc2 Rae8 21. Ne3 Qe6 22. Nd5 Bd8 23. Bg5 Nf3 24. Bxd8 Nxg1 25. Rxg1 Qxd5 26. Bg5 Qxa2 27. Be3 c4 28.
Bd4 d5 29. Qg4 cxd3 30. Qd7 Qa1+ 31. Kd2 Qxb2+ 32. Kxd3 Rf3+ 33. Be3 dxe4+ 34. Kc4 Qa2+ 35. Kb4 a5+ 36. Kc5 Qf7 37. Qxf7+ Kxf7 38. Bd4 e3 39. Rb1 Re7 40. Re1 e2 0-1

[Event "*** Titled Tuesday Blitz"]
[Site "Chess.com"]
[Date "2018.12.04"]
[Round "10"]
[White "DeviatkinAndrey"]
[Black "BocharovD"]
[Result "0-1"]
[WhiteElo "2675"]
[BlackElo "2737"]
[TimeControl "180+2"]
[EndTime "15:22:21 PST"]
[Termination "BocharovD won on time"]

1. e4 c5 2. c3 Nf6 3. e5 Nd5 4. g3 d6 5. exd6 Qxd6 6. Bg2 Nc6 7. Ne2 e6 8. Na3 Be7 9. d4 O-O 10. O-O Rd8 11. c4 Nf6 12. Bf4 Qd7 13. dxc5 Bxc5 14.
Nb5 Qe7 15. Qc1 a6 16. Nbc3 Bd7 17. a3 Rac8 18. b4 Bd6 19. Bxd6 Qxd6 20. c5 Qc7 21.
Qe3 Ne5 22. h3 Bc6 23. Bxc6 Nxc6 24. Rfd1 h5 25. Ne4 Qe5 26. Nxf6+ Qxf6 27. h4 Rd5 28.
Kg2 Rcd8 29. Nc3 Re5 30. Qf4 Rf5 31. Qe3 Rd4 32. Ne4 Rxe4 33. Qxe4 Rxf2+ 34. Kg1 Ne5 35. Rd8+ Qxd8 36. Kxf2 Qd2+ 37. Kg1 Ng4 38. Qf3 Qd4+ 39. Kg2 Qb2+ 0-1

[Event "*** Titled Tuesday Blitz"]
[Site "Chess.com"]
[Date "2018.12.04"]
[Round "10"]
[White "FearNoEvil12"]
[Black "AndrewDGreen"]
[Result "1-0"]
[WhiteElo "1996"]
[BlackElo "2212"]
[TimeControl "180+2"]
[EndTime "15:22:24 PST"]
[Termination "FearNoEvil12 won by resignation"]

1. e4 c5 2. Nc3 g6 3. f4 Bg7 4. Nf3 Nc6 5. Bc4 e6 6. f5 Nge7 7. fxg6 hxg6 8. d3 d5 9. Bb3 Nd4 10. O-O Nxb3 11. axb3 dxe4 12. Nxe4 b6 13. Bf4 Nf5 14.
g4 Nd4 15. Nd6+ Kf8 16. Ng5 e5 17. Ndxf7 Qd5 18. Bxe5 Bb7 19. Nd6+ Kg8 20. Nxb7 Bxe5 21. Nf3 Nxf3+ 22. Qxf3 Bxh2+ 23. Kg2 Qxf3+ 24. Rxf3 Bc7 25. Raf1 Rh2+ 26. Kg1 Rxc2 27. Rf7 Be5 28. Re7 Bd4+ 29.
Kh1 Rxb2 30. Nd6 Rxb3 31. Nf7 Be3 32. Rxe3 a5 33. Re7 a4 34. Nh6+ Kh8 35. Rff7 1-0

[Event "*** Titled Tuesday Blitz"]
[Site "Chess.com"]
[Date "2018.12.04"]
[Round "10"]
[White "GMKrikor"]
[Black "hansen"]
[Result "1-0"]
[WhiteElo "2684"]
[BlackElo "2760"]
[TimeControl "180+2"]
[EndTime "15:22:34 PST"]
[Termination "GMKrikor won by resignation"]

1. e4 c5 2. Nf3 e6 3. d4 cxd4 4. Nxd4 a6 5. Bd3 Qb6 6. Nb3 Qc7 7. O-O d6 8. c4 Nd7 9. Nc3 b6 10. Qe2 Bb7 11. Bd2 Ngf6 12. Kh1 h5 13. Rac1 Be7 14. Nd4 Rc8 15. b3 Qb8 16. f4 h4 17. Nf3 h3 18.
g3 Nc5 19. Bb1 Ba8 20. Rfe1 g6 21. Kg1 Rh5 22. b4 Ncd7 23. a3 Ng4 24. Ng5 Ndf6 25. Bd3 Bc6 26. a4 a5 27. Nd5 Bxd5 28. exd5 e5 29.
f5 axb4 30. fxg6 Kf8 31. gxf7 b5 32. Bg6 Qa7+ 33. Kh1 Rxg5 34. Bxg5 Nf2+ 35. Qxf2 1-0

[Event "*** Titled Tuesday Blitz"]
[Site "Chess.com"]
[Date "2018.12.04"]
[Round "10"]
[White "Benek77"]
[Black "731291"]
[Result "1-0"]
[WhiteElo "2623"]
[BlackElo "2594"]
[TimeControl "180+2"]
[EndTime "15:22:38 PST"]
[Termination "Benek77 won by checkmate"]

1. e4 e6 2. d4 d5 3. exd5 exd5 4.
c4 Bb4+ 5. Nc3 Ne7 6. Nf3 O-O 7. Bd3 dxc4 8. Bxc4 Nbc6 9. O-O Bg4 10. a3 Bd6 11. h3 Bh5 12. g4 Bg6 13. Re1 Nc8 14.
Bg5 Be7 15. Bxe7 N6xe7 16. Ne5 Nb6 17. Ba2 c6 18. Qf3 Qd6 19. Rad1 Rad8 20. Rd2 Ned5 21. Rde2 f6 22. Nxg6 hxg6 23. Ne4 Qb8 24. Nc5 Rde8 25.
Ne6 Rf7 26. Bb1 Ne7 27. Nf4 g5 28. Ng6 Nbd5 29. Qe4 Nf4 30. Nxf4 gxf4 31. Qh7+ Kf8 32.
Qh8+ Ng8 33. Rxe8+ Qxe8 34. Rxe8+ Kxe8 35. Qxg8+ Ke7 36. Bg6 Rf8 37. Qxg7+ Kd6 38. Qxf8+ Kd5 39. Qxf6 Kc4 40. Qxf4 Kb3 41. d5 Kxb2 42. d6 Kxa3 43. d7 Kb3 44. d8=Q Ka3 45. h4 Kb3 46. h5 Ka3 47. h6 Kb3 48. h7 Ka3 49. h8=Q Kb3 50. Bf7+ Ka3 51. g5 a5 52. g6 a4 53. g7 b5 54. g8=Q b4 55. Qfd6 c5 56. Bc4 b3 57. f4 b2 58.
Qc3# 1-0

[Event "*** Titled Tuesday Blitz"]
[Site "Chess.com"]
[Date "2018.12.04"]
[Round "10"]
[White "Quiet_Desperation"]
[Black "amiralfio"]
[Result "0-1"]
[WhiteElo "2157"]
[BlackElo "2450"]
[TimeControl "180+2"]
[EndTime "15:22:45 PST"]
[Termination "amiralfio won by checkmate"]

1. e4 c5 2. d4 cxd4 3. c3 Nf6 4.
e5 Nd5 5. Nf3 Nc6 6. Bc4 Nb6 7.
Bb3 d5 8. cxd4 Bg4 9. Be3 e6 10.
h3 Bh5 11. Nbd2 Be7 12. Nf1 Na5 13. Bc2 Nac4 14. Rb1 Bb4+ 15. N1d2 Nxe3 16. fxe3 Bxf3 17. Qxf3 Nc4 18. Rd1 Nxd2 19. Rxd2 Bxd2+ 20. Kxd2 Rc8 21. Ba4+ Ke7 22. Bb3 a5 23. Rf1 Rf8 24. Qg3 g6 25.
Ba4 f5 26. Qh4+ g5 27. Qxg5+ Kf7 28. Qh5+ Kg7 29. g4 Qb6 30. Bb3 a4 31. gxf5 axb3 32.
Rg1+ Kh8 33. Qh6 Qc7 34. f6 Rg8 35. Rxg8+ Rxg8 36. axb3 Rg2+ 37. Kd1 Qc2+ 38. Ke1 Qc1# 0-1

[Event "*** Titled Tuesday Blitz"]
[Site "Chess.com"]
[Date "2018.12.04"]
[Round "10"]
[White "TregubovP"]
[Black "Winehouse83"]
[Result "0-1"]
[WhiteElo "2518"]
[BlackElo "2459"]
[TimeControl "180+2"]
[EndTime "15:22:46 PST"]
[Termination "Winehouse83 won by checkmate"]

1. d4 Nf6 2. c4 g6 3. g3 Bg7 4. Bg2 O-O 5. Nc3 d6 6. Nf3 Nbd7 7. O-O e5 8. e4 c6 9. b3 Re8 10. d5 Nc5 11. Ne1 a5 12. Nd3 Nxd3 13. Qxd3 c5 14. a3 Bd7 15. Bd2 Qc7 16. Rab1 Reb8 17. f4 exf4 18. gxf4 Ng4 19. Qe2 Re8 20. h3 Nh6 21. Qd3 f5 22. e5 dxe5 23. d6 Qd8 24. fxe5 Rxe5 25. Nd5 Qh4 26. Bc3 Rae8 27. Ne7+ Kh8 28. Bxe5 Bxe5 29. Rbe1 Bd4+ 30. Kh1 Ng4 31. Re2 Nf2+ 32.
Rfxf2 Bxf2 33. Qd5 Qf4 34. Qf7 Qc1+ 35. Kh2 Qg1# 0-1

[Event "*** Titled Tuesday Blitz"]
[Site "Chess.com"]
[Date "2018.12.04"]
[Round "10"]
[White "MFBerna"]
[Black "Yeytruyol"]
[Result "0-1"]
[WhiteElo "2379"]
[BlackElo "2478"]
[TimeControl "180+2"]
[EndTime "15:22:50 PST"]
[Termination "Yeytruyol won by checkmate"]

1. e4 e5 2. Nf3 d6 3. d4 Nd7 4.
Bc4 c6 5. Nc3 Be7 6. O-O h6 7.
Re1 b5 8. Bb3 Ngf6 9. d5 cxd5 10.
Nxd5 Bb7 11. a4 a6 12. axb5 axb5 13. Rxa8 Bxa8 14. Qd3 Nxd5 15. Bxd5 Bxd5 16. Qxd5 Qb6 17. Be3 Qb8 18. Ra1 O-O 19. Ba7 Qc7 20. c3 Nf6 21.
Qxb5 Ra8 22. Qa5 Qb7 23. b4 Nxe4 24. b5 Nc5 25. Nd2 d5 26. b6 Bd8 27. Qxc5 Bxb6 28. Bxb6 Rxa1+ 29. Nf1 Kh7 30. h4 Qa6 31. Kh2 Qxf1 32.
Qxd5 Qe2 33. Qxf7 Qg4 34. h5 Qh4# 0-1

[Event "*** Titled Tuesday Blitz"]
[Site "Chess.com"]
[Date "2018.12.04"]
[Round "10"]
[White "CaptainCasanova"]
[Black "AliKa2810"]
[Result "1-0"]
[WhiteElo "2663"]
[BlackElo "2498"]
[TimeControl "180+2"]
[EndTime "15:22:56 PST"]
[Termination "CaptainCasanova won by resignation"]

1. e4 e5 2. Nf3 Nf6 3. Nxe5 d6 4. Nd3 Nxe4 5. Qe2 Qe7 6. Nf4 c6 7. d3 Nf6 8. Be3 g6 9. Nc3 Bg7 10. O-O-O O-O 11. h3 b5 12. g4 b4 13. Bd4 Qb7 14.
Ne4 Nxe4 15. dxe4 Bh6 16. Be3 Qe7 17. f3 Bg7 18. Kb1 Nd7 19. h4 Nb6 20. h5 Na4 21.
hxg6 fxg6 22. Qc4+ d5 23. Qxc6 Nxb2 24. Nxd5 Qb7 25.
Qxb7 Bxb7 26. Ne7+ Kf7 27. Rd7 Rfd8 28. Rxb7 Rd1+ 29.
Bc1 Na4 30. Bc4+ Kf8 31. Rxd1 Nc3+ 32. Kb2 Nxd1+ 33. Kb3 a5 34. Nxg6+ hxg6 35. Rf7+ Ke8 36. Rxg7 a4+ 37. Kxb4 Rb8+ 38. Bb5+ Kf8 39. Bh6 1-0

[Event "*** Titled Tuesday Blitz"]
[Site "Chess.com"]
[Date "2018.12.04"]
[Round "10"]
[White "artichaud"]
[Black "saraswathii"]
[Result "0-1"]
[WhiteElo "2143"]
[BlackElo "2262"]
[TimeControl "180+2"]
[EndTime "15:22:59 PST"]
[Termination "saraswathii won on time"]

1. d4 Nc6 2. Nf3 d6 3. Bf4 Nf6 4. e3 g6 5. h3 Bg7 6. Bb5 O-O 7. O-O a6 8. Bxc6 bxc6 9. c4 Bb7 10. Nc3 a5 11.
Rc1 Qd7 12. Bh2 Rfe8 13. Na4 Ne4 14. Qc2 f5 15. Nd2 c5 16. Nf3 cxd4 17. exd4 e5 18.
Rfd1 exd4 19. Nxd4 Qe7 20. f3 Qg5 21. Kh1 Bxd4 22.
Rxd4 Nf2+ 23. Kg1 Nxh3+ 24. Kf1 Qf6 25. Rcd1 Ng5 26. c5 Ne6 27. R4d2 d5 28. c6 Ba6+ 29. Kg1 d4 30. Nc5 d3 31. Nxd3 Nd4 32. Qc5 Rad8 33. Ne5 Ne6 34. Rxd8 Rxd8 35. Rxd8+ Qxd8 0-1

[Event "*** Titled Tuesday Blitz"]
[Site "Chess.com"]
[Date "2018.12.04"]
[Round "10"]
[White "LuisFSiles"]
[Black "TheBigBadChessDad"]
[Result "1-0"]
[WhiteElo "2234"]
[BlackElo "2266"]
[TimeControl "180+2"]
[EndTime "15:23:05 PST"]
[Termination "LuisFSiles won by resignation"]

1. e4 e5 2. Nf3 Nc6 3. Bc4 Bc5 4.
O-O Nf6 5. d4 Bxd4 6. Nxd4 Nxd4 7. Bg5 d6 8. f4 Be6 9. Na3 Rg8 10. c3 Nc6 11. Bd5 h6 12. Bxf6 Qxf6 13. fxe5 Qxe5 14. Nc4 Qg5 15. b4 Bxd5 16. exd5 Ne5 17. Qa4+ Kf8 18.
Nxe5 Qxe5 19. Qd7 Qe7 20. Rxf7+ Qxf7 21. Rf1 Qxf1+ 22. Kxf1 g5 23. Qxc7 Rg7 24. Qxd6+ Kg8 25. Qxh6 Rf8+ 26. Kg1 g4 27. Qe6+ Kh7 28. d6 Rff7 29. c4 b6 30. c5 bxc5 31. bxc5 Rf8 32. c6 Rgf7 33. Qe4+ Kh6 34. Qe3+ Kh5 35. Qe2 Rb8 36. h3 Rb1+ 37. Kh2 Rf4 38. hxg4+ Kh4 39. g3+ 1-0

[Event "*** Titled Tuesday Blitz"]
[Site "Chess.com"]
[Date "2018.12.04"]
[Round "10"]
[White "chesstatour"]
[Black "nochewycandy"]
[Result "0-1"]
[WhiteElo "2079"]
[BlackElo "2269"]
[TimeControl "180+2"]
[EndTime "15:23:06 PST"]
[Termination "nochewycandy won on time"]

1. c4 g6 2. Nc3 Bg7 3. e4 c5 4. Nf3 Nc6 5. d3 d6 6. Be2 e6 7.
O-O Nge7 8. Be3 O-O 9. d4 cxd4 10.
Nxd4 a6 11. Rc1 Nxd4 12. Bxd4 Bxd4 13. Qxd4 Nc6 14. Qe3 e5 15. Rfd1 Be6 16. b3 Qe7 17.
Rd2 Rfd8 18. Rcd1 Rac8 19. Bf3 Nd4 20. Ne2 Nc6 21. g3 Rc7 22. b4 Bxc4 23. a3 Bxe2 24. Bxe2 Nd4 25. Rxd4 exd4 26. Qxd4 Rcd7 27. Bc4 Qe5 28.
Qe3 Rc7 29. Bd5 Qc3 30. Qb6 Qc2 31. Rf1 Rdd7 32. a4 Qxa4 33. Qd4 Qc2 34. h4 Qc3 35. Qb6 Qe5 36. Qe3 Rc3 37. Qa7 Rdc7 38. Qb8+ Kg7 39. Bxb7 Rxg3+ 40. fxg3 Qxg3+ 41. Kh1 Rc2 0-1

[Event "*** Titled Tuesday Blitz"]
[Site "Chess.com"]
[Date "2018.12.04"]
[Round "10"]
[White "Wolverine_master"]
[Black "Jenia84"]
[Result "1/2-1/2"]
[WhiteElo "2140"]
[BlackElo "2231"]
[TimeControl "180+2"]
[EndTime "15:23:09 PST"]
[Termination "Game drawn - insufficient material"]

1. Nf3 Nf6 2. g3 e6 3. Bg2 b6 4. O-O Bb7 5. c4 Be7 6. d4 O-O 7. Qc2 Be4 8. Qb3 Na6 9. Nc3 d5 10. Bg5 Bxf3 11. Bxf3 c6 12. Rfd1 Nc7 13. Rac1 Nd7 14.
Bxe7 Qxe7 15. e4 dxc4 16. Qxc4 c5 17. d5 exd5 18. exd5 Ne5 19. Qe4 Nxf3+ 20. Qxf3 Rad8 21. Re1 Qd6 22. Rcd1 Rfe8 23. Ne4 Qd7 24. d6 Nb5 25. Qf4 h6 26. h4 f5 27. Nc3 Rxe1+ 28.
Rxe1 Nxc3 29. bxc3 Qxd6 30. Qxf5 Rf8 31. Qe6+ Qxe6 32.
Rxe6 Rf3 33. Re7 Rxc3 34. Rxa7 Rc1+ 35. Kg2 c4 36. Rb7 Rb1 37. a4 Rb4 38. g4 Rxa4 39.
Rxb6 c3 40. Kg3 Rc4 41. Rb1 c2 42. Rc1 Kf7 43. g5 hxg5 44. hxg5 Kg6 45. Kf3 Kxg5 46. Ke3 Kf5 47. Kd3 Rc8 48. Rxc2 Rxc2 49. Kxc2 Ke4 50. Kd2 Kf3 51. Ke1 g5 52. Kf1 g4 53. Kg1 g3 54.
fxg3 Kxg3 1/2-1/2

[Event "*** Titled Tuesday Blitz"]
[Site "Chess.com"]
[Date "2018.12.04"]
[Round "10"]
[White "lucasmito"]
[Black "ddtru"]
[Result "0-1"]
[WhiteElo "2329"]
[BlackElo "2316"]
[TimeControl "180+2"]
[EndTime "15:23:11 PST"]
[Termination "ddtru won by checkmate"]

1. e4 c5 2. Nf3 e6 3. Nc3 Nc6 4. d4 cxd4 5. Nxd4 Qc7 6. Qd3 Nf6 7. Ndb5 Qb8 8. Qg3 d6 9. Be3 a6 10. Bb6 axb5 11. Nxb5 Ra4 12. Bc7 Qa8 13. Bxd6 Nxe4 14.
Nc7+ Kd7 15. Nxa8 Nxg3 16. Bxf8 Rxa8 17. Bxg7 Rg8 18. hxg3 Rxg7 19. a3 Kc7 20. O-O-O b6 21. Bd3 f5 22. Rh6 Ne5 23. Rdh1 Nxd3+ 24. cxd3 Bd7 25.
Rxh7 Rxh7 26. Rxh7 Rg8 27. Kd2 Kd6 28. Ke3 Bc6 29.
Rh2 Rg4 30. b3 Bd5 31. b4 Rg7 32. Ke2 Ra7 33. f3 Rxa3 34. Rh8 Ke5 35. Rh4 Ra2+ 36.
Ke3 Rxg2 37. d4+ Kd6 38. Kf4 Rb2 39. Rh8 Rxb4 40. Rd8+ Ke7 41. Rb8 Rxd4+ 42. Ke5 Rb4 43. g4 fxg4 44. fxg4 Re4# 0-1

[Event "*** Titled Tuesday Blitz"]
[Site "Chess.com"]
[Date "2018.12.04"]
[Round "10"]
[White "Tjktiger"]
[Black "Hikaru"]
[Result "1-0"]
[WhiteElo "2725"]
[BlackElo "3011"]
[TimeControl "180+2"]
[EndTime "15:23:13 PST"]
[Termination "Tjktiger won by resignation"]

1. c4 g6 2. d4 Bg7 3. Nf3 f5 4. g3 d6 5. Bg2 Nh6 6. O-O O-O 7.
Nc3 Nc6 8. d5 Ne5 9. Nxe5 dxe5 10. c5 e4 11. f3 exf3 12. exf3 e5 13. Re1 Nf7 14. f4 e4 15. Be3 b6 16. Rc1 Ba6 17.
Bf1 Bxf1 18. Rxf1 Qd7 19. Bd4 Nh6 20. c6 Qe7 21. Bxg7 Kxg7 22. Qd4+ Kg8 23. d6 Qxd6 24.
Qxd6 cxd6 25. Rfd1 Nf7 26. Nb5 Rfc8 27. c7 Kf8 28.
Nxd6 Nxd6 29. Rxd6 Ke7 30. Rdc6 Kd7 31. b4 Re8 32. b5 Rac8 33. Rd1+ Ke7 34. Rd4 Kf7 35.
Ra4 Re6 36. Rc1 Rd6 37. Rxa7 Ke7 38. a4 Kd7 39. Kf2 Rd2+ 40. Ke3 Rd3+ 41. Ke2 Ra3 42. Rd1+ Ke7 43. a5 bxa5 44. b6 Rb3 45. b7 Rxc7 46. b8=Q Rxb8 47. Rxc7+ Ke6 48. Rc6+ Ke7 49. Ra6 Rb5 50. Rd2 h5 51. h4 Rb3 52. Rxg6 a4 53.
Ra6 a3 54. Ra2 Rxg3 55. R2xa3 Rg2+ 56. Ke3 1-0